 Dungeon Crawl Stone Soup version 0.27-a0-594-g2aaa8dbbc2 (webtiles) character file.

Game seed: 10490049511016124471

3063 ReteAZ the Cleaver (level 9, -14/57 HPs)
             Began as a Gargoyle Fighter on Mar 11, 2021.
             Was a Priest of Cheibriados.
             Demolished by an orc warrior
             ... wielding a +0 trident
              (23 damage)
             ... in a bailey.
             The game lasted 00:07:11 (6758 turns).

ReteAZ the Cleaver (Gargoyle Fighter)               Turns: 6758, Time: 00:07:11

Health: -14/57     AC: 23    Str: 31    XL:     9   Next: 88%
Magic:  9/9        EV:  6    Int: 17    God:    Cheibriados [***...]
Gold:   283        SH: 12    Dex: 17    Spells: 8/8 levels left

rFire    . . .     SeeInvis .   f - +2 hand axe (elec)
rCold    . . .     Faith    .   c - +0 kite shield
rNeg     + . .     Spirit   .   d - +0 plate armour
rPois    ∞         Reflect  .   D - +0 helmet
rElec    +         Harm     .   (no cloak)
rCorr    .         Rampage  .   (no gloves)
Will     .....                  o - +1 pair of boots
Stlth    ..........             F - amulet of magic regeneration
HPRegen  0.19/turn              (no ring)
MPRegen  0.36/turn              (no ring)

@: mighty, very slow
A: negative energy resistance 1, electricity resistance, torment resistance 1,
unbreathing 1, petrification resistance, AC +6
a: Renounce Religion, Bend Time, Temporal Distortion


You were in a bailey.
You worshipped Cheibriados.
Cheibriados was most pleased with you.
You visited 2 branches of the dungeon, and saw 8 of its levels.
You also visited: Bailey.

You collected 283 gold pieces.

Inventory:

Hand Weapons
 a - a +0 war axe
 f - a +2 hand axe of electrocution (weapon)
Armour
 b - a +0 scale mail
 c - a +0 kite shield (worn)
 d - a +0 plate armour (worn)
 j - a +1 hat
 o - a +1 pair of boots (worn)
 p - a +0 chain mail
 q - a +0 tower shield
 D - a +0 helmet (worn)
Jewellery
 h - a +6 ring of intelligence
 F - an amulet of magic regeneration (around neck)
Wands
 y - a wand of digging (3)
 B - a wand of iceblast (21)
Scrolls
 e - 2 scrolls of enchant weapon {unknown}
 g - a scroll of fog {unknown}
 l - a scroll of teleportation {unknown}
 m - 3 scrolls of identify {unknown}
 n - 3 scrolls of magic mapping {unknown}
 s - 2 scrolls of amnesia {unknown}
 t - 2 scrolls of enchant armour {unknown}
 w - 2 scrolls of fear {unknown}
Potions
 i - a potion of resistance {unknown}
 k - 4 potions of curing {unknown}
 r - 4 potions of degeneration {unknown}
 u - 2 potions of invisibility {unknown}
 v - a potion of brilliance {unknown}
 x - 2 potions of lignification {unknown}
 z - 3 potions of haste {unknown}
 A - a potion of experience {unknown}
 C - a potion of flight {unknown}
 E - a potion of attraction {unknown}
 G - a potion of might
 H - a potion of heal wounds


   Skills:
 + Level 7.3 Fighting
 * Level 8.0 Axes
 + Level 7.4 Armour
 + Level 7.3 Shields


You had 8 spell levels left.
You didn't know any spells.
Your spell library contained the following spells:

 Spells                   Type           Power      Damage    Failure   Level
 Animate Skeleton         Necr           0%         N/A       99%         1
 Apportation              Tloc           0%         N/A       99%         1
 Corona                   Hex            0%         N/A       99%         1
 Summon Small Mammal      Summ           0%         N/A       99%         1


Dungeon Overview and Level Annotations

Branches:
Dungeon (7/15)             Temple (1/1) D:4          Bailey (1/1)

Altars:
Ashenzari
Cheibriados
Dithmenos
Elyvilon
Fedhas
Hepliaklqana
Kikubaaqudgha
Makhleb
Nemelex Xobeh
Okawaru
Qazlal
Ru
Sif Muna
Trog
Uskayaw
Vehumet
Wu Jian
Xom
Yredelemnul
Zin
The Shining One

Shops:
D:7 (


Innate Abilities, Weirdness & Mutations

Your stone body is resilient. (AC +6)
You are immune to poison.
You resist negative energy. (rN+)
You are resistant to electric shocks. (rElec)
You are resistant to unholy torment.
You can survive without breathing.
You are immune to petrification.


Message History

You kill the orc!
Cheibriados appreciates the change of pace.
The orc warrior hits you but does no damage.
The orc closely misses you.
You barely miss the orc knight.
The orc knight is heavily wounded.
You closely miss the orc warrior. The orc hits you but does no damage. x2
The orc warrior hits you but does no damage.
The orc knight roars a battlecry!
The orcs go into a battle-frenzy!
You slash the orc knight!
Lightning courses through the orc knight!
The orc knight is almost dead.
You hit the orc warrior but do no damage.
You block the orc's attack. x2
The orc warrior hits you from afar with a +0 trident!!
The orc warrior hits you with a +0 spear.
You block the orc knight's attack. The orc hits you but does no damage.
You slice the orc knight!!
You kill the orc knight!
Cheibriados thoroughly appreciates the change of pace.
You hit the orc warrior. The orc hits you but does no damage.
The orc warrior hits you from afar with a +0 trident.
The orc warrior hits you with a +0 spear.
You block the orc's attack.
You are too injured to fight recklessly!
You are too injured to fight recklessly!
You slash the orc warrior!
You kill the orc warrior!
Cheibriados thoroughly appreciates the change of pace.
The orc barely misses you.
The orc warrior hits you from afar with a +0 trident!
* * * LOW HITPOINT WARNING * * *
The orc hits you but does no damage.
Your Axes skill increases to level 8!
There is an open door here.
You block the orc's attack.
The orc no longer looks unusually strong.
The orc warrior hits you from afar with a +0 trident!!
You die...

####### ############
##.....## ##......))∩.##
#....)o.######.......)))..#
'....).)#...)#o.@...)))...#
'...).).'...oo........)).∩#
'...))))#..)o#............#
#.......######............#
##.....## ##........∩.##
####### ############


You could see an orc warrior (strong) and 3 orcs.

Vanquished Creatures
  An orc knight (Bailey)
  A wyvern (D:4)
  Eustachio (D:5)
  Edmund (D:5)
  A water moccasin (D:6)
  3 orc warriors (Bailey)
  A sky beast (D:7)
  An ice beast (D:7)
  A centaur (D:7)
  3 ogres
  2 bullfrogs
  2 scorpions
  6 killer bees (D:7)
  A howler monkey (D:4)
  A jelly (D:5)
  4 orc priests
  A bullfrog skeleton (D:7)
  2 iguanas (D:5)
  8 orc wizards
  Ijyb (D:4)
  4 worker ants
  A worker ant zombie (D:6)
  13 adders
  2 shadow imps (D:5)
  An ufetubus (D:2)
  2 adder zombies
  An adder skeleton (D:4)
  A worm (D:3)
  A dart slug (D:1)
  4 leopard geckos
  48 orcs
  4 bats
  5 giant cockroaches
  9 goblins
  9 hobgoblins
  6 jackals
  4 kobolds
  2 quokkas
  2 ball pythons
  4 frilled lizards
  A jackal zombie (D:6)
  A quokka skeleton (D:5)
  12 rats
179 creatures vanquished.

Vanquished Creatures (others)
  10 plants
10 creatures vanquished.

Grand Total: 189 creatures vanquished

Notes
Turn   | Place    | Note
-------+----------+-------------------------------------------
     0 | D:1      | ReteAZ the Gargoyle Fighter began the quest for the Orb.
     0 | D:1      | Reached XP level 1. HP: 14/14 MP: 1/1
   318 | D:1      | Reached skill level 2 in Axes
   327 | D:1      | Reached XP level 2. HP: 15/19 MP: 2/2
  1033 | D:1      | Reached XP level 3. HP: 23/23 MP: 3/3
  1754 | D:2      | Reached XP level 4. HP: 24/29 MP: 4/4
  1875 | D:2      | Reached skill level 3 in Axes
  2212 | D:3      | Reached XP level 5. HP: 31/33 MP: 5/5
  2273 | D:3      | Found an iron altar of Okawaru.
  3281 | D:4      | Reached XP level 6. HP: 38/38 MP: 6/6
  3337 | D:4      | Reached skill level 4 in Axes
  3442 | D:4      | Noticed a wyvern
  3452 | D:4      | Killed a wyvern
  3453 | D:4      | Reached XP level 7. HP: 21/44 MP: 7/7
  3674 | D:4      | Found a staircase to the Ecumenical Temple.
  3682 | D:4      | Reached skill level 5 in Armour
  3686 | Temple   | Entered the Ecumenical Temple
  3870 | Temple   | Became a worshipper of Cheibriados the Contemplative
  3944 | D:4      | Reached skill level 5 in Shields
  4065 | D:4      | Reached skill level 5 in Fighting
  4066 | D:4      | Found a bloodstained altar of Trog.
  4095 | D:4      | Noticed Ijyb
  4102 | D:4      | Killed Ijyb
  4297 | D:5      | Entered Level 5 of the Dungeon
  4380 | D:5      | Reached skill level 5 in Axes
  4474 | D:5      | Noticed Eustachio
  4496 | D:5      | Killed Eustachio
  4541 | D:5      | Noticed Edmund
  4549 | D:5      | Killed Edmund
  4550 | D:5      | Reached XP level 8. HP: 42/50 MP: 8/8
  5061 | D:5      | Found a shimmering blue altar of Sif Muna.
  5270 | D:6      | Reached * piety under Cheibriados
  5271 | D:6      | Reached skill level 6 in Axes
  5337 | D:6      | Found a blossoming altar of Fedhas.
  5937 | D:7      | Reached XP level 9. HP: 41/56 MP: 9/9
  6024 | D:7      | Found a glowing golden altar of the Shining One.
  6096 | D:7      | Found a hazy altar of Hepliaklqana.
  6195 | D:7      | Reached ** piety under Cheibriados
  6196 | D:7      | Reached skill level 7 in Axes
  6432 | D:7      | Found Gupn's Weapon Emporium.
  6433 | D:7      | Found a flagged portal.
  6457 | Bailey   | Entered a bailey
  6505 | Bailey   | Reached *** piety under Cheibriados
  6726 | Bailey   | Noticed an orc knight
  6753 | Bailey   | Killed an orc knight
  6755 | Bailey   | Reached skill level 8 in Axes
  6758 | Bailey   | Demolished by an orc warrior

Illustrated notes

Levels and vault maps discovered:
D:1:      minmay_arrival_plants_in_alcoves, layout_basic, roderic_lattice_a
D:2:      layout_loops_cross
D:3:      layout_basic, grunt_ministairs_9, okawaru_trees_1
D:4:      layout_loops_ring, minmay_temple_entry_arrows,
          chequers_serial_rivers_room_b, bloody_trog, uniq_ijyb
D:5:      cheibrodos_helix_gallery, layout_loops_ring, led_sif_book,
          uniq_edmund, uniq_eustachio
D:6:      layout_basic, fedhas_altar_1
D:7:      layout_rooms, lemuel_doored_altar, nicolae_hepliaklqana_hazy_memory,
          enter_bailey_5, serial_shops, shop, basic_altar,
          david_defended_altar_elf
Temple:   eino_narrow_crystal_temple
Bailey:   bailey_polearm_5, bailey

Skill      XL: |  1  2  3  4  5  6  7  8  9 |
---------------+----------------------------+-----
Axes           | 2 3 4 5 6 8 |  8.0
Fighting       | 4 5 6 7 |  7.3
Armour         | 4 5 6 7 |  7.4
Shields        | 4 5 6 7 |  7.3

Action                   |  1- 3 |  4- 6 |  7- 9 || total
-------------------------+-------+-------+-------++-------
Melee: War axe           |   116 |   125 |       ||   241
       Hand axe          |       |    48 |   299 ||   347
  Use: Potion            |       |     1 |     3 ||     4
Armor: Scale mail        |    75 |    30 |       ||   105
       Chain mail        |       |   132 |   216 ||   348
       Plate armour      |       |       |    10 ||    10
Dodge: Dodged            |    32 |    67 |    93 ||   192
Block: Kite shield       |    64 |   108 |   213 ||   385

Table legend: (Time is in decaauts)
 A = Elapsed time spent in this place.
 B = Non-inter-level travel time spent in this place.
 C = Inter-level travel time spent in this place.
 D = Time resting spent in this place.
 E = Time spent auto-exploring this place.
 F = Levels seen in this place.
 G = Mean time per level.
                   A        B        C        D        E       F      G
               +--------+--------+--------+--------+--------+-----+--------+
         Total |   7632 |   7269 |    363 |    190 |   5580 |   9 |  848.0 |
       Dungeon |   7070 |   6730 |    340 |     89 |   5368 |   7 | 1010.0 |
        Temple |    203 |    181 |     22 |      0 |    178 |   1 |  203.0 |
        Bailey |    358 |    358 |      0 |    101 |     34 |   1 |  358.0 |
               +--------+--------+--------+--------+--------+-----+--------+

Top non-repeatable levels by time:
     D:1: 1360 daAuts
     D:5: 1122 daAuts
     D:4: 1050 daAuts
     D:3: 1043 daAuts
     D:6: 951 daAuts
     D:2: 910 daAuts
     D:7: 630 daAuts
  Bailey: 358 daAuts
  Temple: 203 daAuts
